 Dungeon Crawl Stone Soup version 0.31-a0-1626-g5cb510d322 (webtiles) character file.

Game seed: 16099655723583642355

63041 zenocrate the Unseen (level 15, -30/65 HPs)
             Began as a Vine Stalker Enchanter on Jan 13, 2024.
             Was an Initiate of Gozag.
             Annihilated by a komodo dragon (33 damage)
             ... on level 11 of the Dungeon.
             The game lasted 00:39:02 (20036 turns).

zenocrate the Unseen (Vine Stalker Enchanter)      Turns: 20036, Time: 00:39:02

Health: -30/65     AC: 15    Str: 11    XL:     15   Next: 8%
Magic:  0/19       EV: 22    Int: 18    God:    Gozag
Gold:   478        SH:  5    Dex: 27    Spells: 2/18 levels left

rFire   + + .        b - +2 short sword (elec)
rCold   + + .        (no shield)
rNeg    . . .        v - +2 leather armour {rF+}
rPois   +            A - +2 helmet {Int+3}
rElec   +            K - scarf {repulsion}
rCorr   +            P - +2 pair of gloves
SInv    .            t - +2 pair of boots {Fly}
Will    ++...        w - amulet of reflection Stlth *+++++++++
                     Z - ring of Shadows {Umbra +Inv Stlth+}
HPRegen 1.10/turn    B - ring of Zeirhanu {rPois rC+ Dex+5 Slay+2}
MPRegen 0.16/turn

%: repel missiles, reflection, guardian spirit
@: mighty, about to teleport, resistant, gold aura, enlightened, flying, hasted,
wreathed by umbra, studying Short Blades, very quick
A: fangs 3, regeneration 1, magic shield, antimagic bite, no potion heal 2
a: Renounce Religion, Evoke Invisibility, Potion Petition, Call Merchant, Bribe
Branch


You were on level 11 of the Dungeon.
You worshipped Gozag.
Gozag was aware of your devotion.
You visited 4 branches of the dungeon, and saw 19 of its levels.
You visited 1 bazaar.

You collected 6120 gold pieces.
You spent 3694 gold pieces at shops.
You paid 1948 gold pieces to Gozag.

Inventory:

Hand Weapons
 a - the +8 dagger of Generosity {pain, *Slow Str+3 Int+3 Stlth+}
   (You found it on level 8 of the Dungeon)

   Str+3:     It affects your strength (+3).
   Int+3:     It affects your intelligence (+3).
   *Slow:     It may slow you when you take damage.
   Stlth+:    It makes you more stealthy.
 b - a +2 short sword of electrocution (weapon)
 q - a +1 rapier of venom
Missiles
 f - 5 javelins
 u - 15 boomerangs
 D - 36 poisoned darts (quivered)
 O - 2 atropa-tipped darts
 R - a curare-tipped dart
 S - 2 throwing nets
Armour
 t - a +2 pair of boots of flying (worn)
 v - a +2 leather armour of fire resistance (worn)
 A - a +2 helmet of intelligence (worn)
 K - a scarf of repulsion (worn)
 P - a +2 pair of gloves (worn)
Jewellery
 w - an amulet of reflection (around neck)
 x - a ring of see invisible
 B - the ring of Zeirhanu (right hand) {rPois rC+ Dex+5 Slay+2}
   (You found it on level 8 of the Dungeon)

   [ring of protection from cold]

   Dex+5:     It affects your dexterity (+5).
   Slay+2:    It affects your accuracy & damage with ranged weapons and melee
   (+2).
   rC+:       It protects you from cold.
   rPois:     It protects you from poison
 M - a ring of positive energy
 Q - a ring of fire
 Z - the ring of Shadows (left hand) {Umbra +Inv Stlth+}
   (You bought it in a shop on level 2 of the Orcish Mines)

   [ring of stealth]

   Umbra:     It surrounds you with an aura of shadow, increasing your stealth
   and reducing the accuracy of all others within it.
   +Inv:      It lets you turn invisible.
   Stlth+:    It makes you more stealthy.
Wands
 m - a wand of light (24)
 z - a wand of digging (5)
 H - a wand of flame (23)
 J - a wand of iceblast (3)
Scrolls
 c - a scroll of poison
 o - a scroll of revelation
 p - 3 scrolls of teleportation
 F - 2 scrolls of fear
 I - 2 scrolls of vulnerability
 N - 2 scrolls of fog
 U - 2 scrolls of identify
 X - a scroll of blinking
Potions
 d - 3 potions of brilliance
 e - 2 potions of ambrosia
 g - 3 potions of enlightenment
 h - 2 potions of might
 j - 4 potions of curing
 k - 2 potions of haste
 l - 2 potions of cancellation
 n - 3 potions of magic
 E - a potion of attraction
Miscellaneous
 r - a phantom mirror


   Skills:
 + Level 1.0 Fighting
 + Level 11.5 Short Blades
 - Level 3.1 Throwing
 - Level 3.9 Armour
 + Level 10.9 Dodging
 + Level 15.4 Stealth
 - Level 2.1 Spellcasting
 + Level 12.0 Hexes
 - Level 0.4 Necromancy
 - Level 3.0 Ice Magic
 - Level 8.5 Evocations


You had 2 spell levels left.
You knew the following spells:

 Your Spells              Type           Power      Damage    Failure   Level
a - Ensorcelled Hibernat  Hex/Ice        58%        N/A       1%          2
b - Confusing Touch       Hex            45%        N/A       1%          3
c - Tukima's Dance        Hex            45%        N/A       1%          3
d - Dazzling Flash        Conj/Hex       46%        N/A       6%          3
m - Apportation           Tloc           2%         N/A       22%         1
z - Passage of Golubria   Tloc           1%         N/A       92%         4

Your spell library contained the following spells:

 Spells                   Type           Power      Damage    Failure   Level
 Necrotise                Necr           12%        1d4       19%         1
 Foxfire                  Conj/Fire      4%         2x1d4     22%         1
 Sting                    Conj/Alch      4%         1d3       22%         1
 Summon Small Mammal      Summ           4%         N/A       22%         1
 Mercury Vapours          Alch/Air       2%         N/A       34%         2
 Silence                  Hex/Air        11%        N/A       47%         5
 Call Canine Familiar     Summ           1%         N/A       56%         3
 Volatile Blastmotes      Fire/Tloc      2%         2d10      56%         3
 Animate Armour           Summ/Erth      2%         N/A       92%         4
 Fulminant Prism          Conj/Alch      0%         3d5       92%         4
 Iskenderun's Mystic Bla  Conj/Tloc      1%         2d3       92%         4
 Olgreb's Toxic Radiance  Alch           1%         N/A       92%         4
 Summon Blazeheart Golem  Fire/Summ      1%         N/A       92%         4
 Summon Lightning Spire   Summ/Air       1%         N/A       92%         4
 Vhi's Electric Charge    Tloc/Air       2%         N/A       92%         4
 Arcjolt                  Conj/Air       0%         1d10      99%         5
 Lee's Rapid Deconstruct  Erth           0%         3d4*      99%         5
 Plasma Beam              Fire/Air       0%         2x1d10    100%        6
 Starburst                Conj/Fire      0%         6d3       100%        6
 Lehudib's Crystal Spear  Conj/Erth      0%         10d2      100%        8
 Maxwell's Capacitive Co  Air            0%         ∞         100%        8


Dungeon Overview and Level Annotations

Branches:
Dungeon (11/15)            Temple (1/1) D:6            Lair (5/5) D:8
 Shoals (0/4) Lair:2        Snake (0/4) Lair:2        Slime (0/5) Lair:5
    Orc (2/2) D:10            Elf (0/3) Orc:2

Altars:
Ashenzari
Cheibriados
Dithmenos
Elyvilon
Fedhas
Gozag
Hepliaklqana
Kikubaaqudgha
Makhleb
Nemelex Xobeh
Okawaru
Qazlal
Ru
Sif Muna
Trog
Uskayaw
Vehumet
Wu Jian
Xom
Yredelemnul
Zin
The Shining One
Jiyva

Shops:
D:5 =   D:10 *   Orc:2 *=[=   Lair:1 *[

Portals:
Hell: Lair:5

Annotations:
D:11 1 transporter


Innate Abilities, Weirdness & Mutations

You have razor-sharp teeth.
Your natural rate of healing is unusually fast.
When hurt, damage is shared between your health and your magic reserves.
Your bite disrupts and absorbs the magic of your enemies.
Potions cannot restore your health.


Message History

The komodo dragon goes berserk!
The moth of wrath goads the water moccasin on!
The water moccasin goes berserk!
The basilisk gazes at you. You resist with almost no effort.
The komodo dragon bites you!!
The komodo dragon bites you but does no damage.
The water moccasin completely misses you.
Okay, then.
You feel yourself speed up.
The water moccasin completely misses you.
The komodo dragon closely misses you.
The komodo dragon bites you but does no damage.
The komodo dragon is distracted by your dazzling golden aura.
The water moccasin completely misses you.
Unknown command.
Unknown command.
As you read the scroll of teleportation, it crumbles to dust.
You feel strangely unstable.
The killer bee rages.
The komodo dragon misses you.
The water moccasin is distracted by your dazzling golden aura.
The komodo dragon bites you!!
* * * LOW HITPOINT WARNING * * *
The water moccasin hisses angrily.
Unknown command.
Okay, then. [a] - 250 gold - resistance [b] - 160 gold - might and brilliance [c] - 572 gold - curing, magic, resistance and enlightenment Purchase which effect?
You feel better. Magic courses through your body.
You feel protected.
You feel more buoyant.
The komodo dragon completely misses you.
The moth of wrath goads the killer bee on!
The killer bee goes berserk!
The komodo dragon bites you!!
* * * LOW HITPOINT WARNING * * *
The komodo dragon bites you!!!
Ouch! That really hurt!
You die...
Your body crumbles into a pile of gold.

#.#..#..............#..####
#.#.#...####.§.####......##
#.#...###. #####.?##.....## #####
#.#..##..#y$!)[....#..#..##
....###.#..#....###=..##.##....##
...........##.#.....#.....#....##
.##.####....#...#yy©..##l.#....##
............#..##ll#......#...<..
###.####....#..l@#y..#.l.##..#.##
#.# ####.##.S.ly.#...©#...#.##
#.# #..##.###..#####.....## #.#
##..###©####.).....#### #.#
##.......)....##..# # #.#
#####...)).......# # ##.#
######...###.# # #>.# ##.## #.# #
#.## #.####.# #


You could see a moth of wrath, 3 komodo dragons, a basilisk, a water moccasin
(berserk) and 2 killer bees.

Vanquished Creatures
  An orc warlord (Orc:2)
  6 hydras
  A catoblepas (Lair:5)
  2 two-headed ogres
  A centaur warrior (Orc:2)
  2 boulder beetles
  The ghost of Savior361 the Gouger, a journeyman FeSh of Gozag (D:11)
  An occultist (Lair:5)
  A sixfirhy (Lair:5)
  2 skysharks
  3 orc knights (Orc:2)
  A cyclops (D:9)
  An orc sorcerer (Orc:2)
  A manticore (D:11)
  A salamander (Lair:2)
  5 kobold blastminers
  17 elephants
  3 meliai (D:10)
  7 black mambas
  3 orange demons (Lair:5)
  A gargoyle (D:10)
  10 cane toads
  2 torpor snails
  3 rime drakes
  An unseen horror (D:10)
  3 ice devils (Lair:5)
  11 komodo dragons
  4 polar bears
  A hellwing (Lair:5)
  20 blink frogs
  7 dream sheep (Lair:5)
  A slime creature (D:10)
  A shadow (D:9)
  2 wyverns
  2 wraiths
  64 yaks
  3 basilisks
  A steam dragon (D:9)
  A warg (Orc:2)
  Edmund (D:5)
  2 vampire mosquitoes (D:11)
  Menkaure (D:7)
  21 water moccasins
  An acid dragon (D:11)
  4 hell hounds (Lair:5)
  41 orc warriors
  3 black bears
  An ice beast (D:7)
  A sky beast (D:6)
  8 ogres
  11 wolves
  12 centaurs
  Blork the orc (D:5)
  14 bullfrogs
  4 kobold brigands
  A wight (D:9)
  A killer bee (D:11)
  3 jellies
  3 howler monkeys
  3 lava snakes (Lair:2)
  18 orc priests
  2 bombardier beetles
  2 hounds
  22 orc wizards
  A sleepcap (D:6)
  Jessica (D:3)
  4 iguanas
  Ijyb (D:3)
  9 adders
  A white imp (D:7)
  A dart slug (D:5)
  2 ribbon worms
  88 orcs
  7 ball pythons
  2 endoplasms (D:4)
  3 giant cockroaches
  9 goblins
  7 hobgoblins
  4 jackals (D:1)
  A quokka (D:3)
  3 bats
  2 frilled lizards
  15 kobolds
  4 rats
544 creatures vanquished.

Vanquished Creatures (collateral kills)
  A centaur (Lair:2)
1 creature vanquished.

Grand Total: 545 creatures vanquished

Notes
Turn   | Place    | Note
-------+----------+-------------------------------------------
     0 | D:1      | zenocrate the Vine Stalker Enchanter began the quest for
                  | the Orb.
     0 | D:1      | Reached XP level 1. HP: 9/9 MP: 4/4
    96 | D:1      | Reached skill level 1 in Short Blades
   317 | D:1      | Reached XP level 2. HP: 13/13 MP: 3/6
   337 | D:1      | Learned a level 2 spell: Ensorcelled Hibernation
   491 | D:1      | Found a faded altar of an unknown god.
   538 | D:1      | Reached skill level 4 in Stealth
   934 | D:2      | Reached XP level 3. HP: 16/16 MP: 7/7
   938 | D:2      | Learned a level 3 spell: Confusing Touch
  1047 | D:2      | Found a shimmering blue altar of Sif Muna.
  1498 | D:3      | Reached XP level 4. HP: 21/21 MP: 5/8
  1525 | D:3      | Noticed Jessica
  1534 | D:3      | Killed Jessica
  1669 | D:3      | Reached skill level 1 in Ice Magic
  1770 | D:3      | Noticed Ijyb
  1782 | D:3      | Killed Ijyb
  1783 | D:3      | Reached XP level 5. HP: 24/24 MP: 5/9
  2198 | D:3      | Learned a level 3 spell: Tukima's Dance
  2462 | D:4      | Reached XP level 6. HP: 28/28 MP: 7/10
  2521 | D:4      | Found a glowing golden altar of the Shining One.
  2533 | D:4      | Found an ancient bone altar of Kikubaaqudgha.
  2693 | D:4      | Found a radiant altar of Vehumet.
  3232 | D:4      | Reached skill level 1 in Evocations
  3270 | D:4      | Reached skill level 5 in Stealth
  3601 | D:5      | Entered Level 5 of the Dungeon
  3658 | D:5      | Noticed Blork the orc
  3681 | D:5      | Killed Blork the orc
  3813 | D:5      | Noticed a water moccasin
  3820 | D:5      | Killed a water moccasin
  3821 | D:5      | Reached XP level 7. HP: 21/32 MP: 11/11
  3852 | D:5      | Noticed Edmund
  3867 | D:5      | Killed Edmund
  3960 | D:5      | Found Vixtora's Jewellery Shoppe.
  4508 | D:6      | Found a staircase to the Ecumenical Temple.
  4568 | Temple   | Entered the Ecumenical Temple
  4794 | D:6      | Reached skill level 6 in Stealth
  4794 | D:6      | Gained mutation: You have razor-sharp teeth. [Vine Stalker
                  | growth]
  4794 | D:6      | Reached XP level 8. HP: 36/36 MP: 12/12
  4798 | D:6      | Learned a level 3 spell: Dazzling Flash
  4832 | D:6      | Found a white marble altar of Elyvilon.
  5445 | D:6      | Reached skill level 1 in Armour
  5502 | D:7      | Reached skill level 5 in Hexes
  5571 | D:7      | Noticed Menkaure
  5582 | D:7      | Killed Menkaure
  5877 | D:7      | Reached skill level 7 in Stealth
  5956 | D:7      | Reached XP level 9. HP: 16/39 MP: 5/13
  6097 | D:7      | Found a sand-covered staircase.
  6837 | D:7      | Found an opulent altar of Gozag.
  6961 | D:7      | Became a worshipper of Gozag Ym Sagoz the Greedy
  7367 | D:8      | Identified the ring of Zeirhanu {rPois rC+ Dex+5 Slay+2}
  7400 | D:8      | Identified the +8 dagger of Generosity {pain, *Slow Str+3
                  | Int+3 Stlth+}
  7419 | D:8      | Found a staircase to the Lair.
  7711 | D:8      | Reached skill level 5 in Short Blades
  7902 | Lair:1   | Entered Level 1 of the Lair of Beasts
  7982 | Lair:1   | Noticed a komodo dragon
  7993 | Lair:1   | Killed a komodo dragon
  8015 | Lair:1   | Reached skill level 8 in Stealth
  8043 | Lair:1   | Noticed a komodo dragon
  8054 | Lair:1   | HP: 1/39 [komodo dragon (18)]
  8066 | Lair:1   | Noticed a black mamba
  8102 | Lair:1   | Reached skill level 5 in Dodging
  8102 | Lair:1   | Reached XP level 10. HP: 17/44 MP: 3/14
  8399 | D:8      | Reached skill level 9 in Stealth
  8399 | D:8      | Reached skill level 5 in Evocations
  8544 | Lair:1   | Killed a black mamba
  8545 | Lair:1   | Reached skill level 1 in Throwing
  8629 | Lair:1   | Noticed a cane toad
  8638 | Lair:1   | Killed a cane toad
  8641 | Lair:1   | Reached XP level 11. HP: 47/47 MP: 8/15
  8917 | Lair:2   | Reached skill level 10 in Stealth
  9263 | Lair:2   | Found a staircase to the Snake Pit.
  9263 | Lair:2   | Noticed a salamander
  9275 | Lair:2   | Killed a salamander
  9519 | Lair:2   | Found a staircase to the Shoals.
  9655 | Lair:2   | Reached skill level 11 in Stealth
  9854 | Lair:2   | Reached XP level 12. HP: 51/51 MP: 5/16
  9946 | Lair:2   | Noticed a skyshark
  9953 | Lair:2   | Killed a skyshark
 10041 | Lair:1   | Bought a scroll labelled ADGHOC IRPHYJ for 35 gold pieces
 10041 | Lair:1   | Bought a pair of runed boots for 262 gold pieces
 10041 | Lair:1   | Bought a scroll labelled QEOSYH JASUHA for 35 gold pieces
 10041 | Lair:1   | Bought a scroll of teleportation for 105 gold pieces
 10041 | Lair:1   | Bought a scroll of identify for 70 gold pieces
 10389 | Lair:3   | Noticed a four-headed hydra
 10404 | Lair:3   | Killed a four-headed hydra
 10714 | Lair:3   | Noticed a boulder beetle
 10729 | Lair:3   | Killed a boulder beetle
 10843 | Lair:3   | Learned a level 4 spell: Passage of Golubria
 11072 | Lair:3   | Reached skill level 12 in Stealth
 11741 | Lair:4   | Noticed a boulder beetle
 11751 | Lair:4   | Killed a boulder beetle
 11902 | Lair:4   | Reached XP level 13. HP: 55/55 MP: 6/17
 12498 | Lair:5   | Entered Level 5 of the Lair of Beasts
 12507 | Lair:5   | Reached skill level 10 in Hexes
 12692 | Lair:5   | Reached skill level 13 in Stealth
 13425 | Lair:5   | Found a viscous altar of Jiyva.
 13460 | Lair:5   | Reached skill level 10 in Dodging
 13513 | Lair:5   | Found a staircase to the Slime Pits.
 13731 | Lair:5   | Reached XP level 14. HP: 53/59 MP: 18/18
 13753 | Lair:5   | Reached skill level 14 in Stealth
 13756 | Lair:5   | Found a burning altar of Makhleb.
 13784 | Lair:5   | Reached skill level 10 in Short Blades
 13877 | Lair:5   | Found a gateway to Hell.
 14794 | Lair:1   | Bought a phantom mirror for 1400 gold pieces
 15138 | D:9      | Found a glowing silver altar of Zin.
 15457 | D:9      | Found a blossoming altar of Fedhas.
 16055 | D:10     | Entered Level 10 of the Dungeon
 16419 | D:10     | Identified the +1 long sword of Butchery {venom, Dex+3}
 16437 | D:10     | Identified the +5 orcbow of the Abyss {drain, rCorr Int+3}
 16512 | D:10     | Found a bloodstained altar of Trog.
 16556 | D:10     | Found Jely's General Store.
 16564 | D:10     | Bought a scroll of identify for 32 gold pieces
 16564 | D:10     | Bought a scroll of identify for 32 gold pieces
 16564 | D:10     | Bought a scroll of identify for 32 gold pieces
 16767 | D:10     | Found a staircase to the Orcish Mines.
 17005 | D:10     | Learned a level 1 spell: Apportation
 17066 | Orc:1    | Entered Level 1 of the Orcish Mines
 17308 | Orc:1    | You fall into a shaft and drop 1 floor!
 17308 | Orc:2    | Entered Level 2 of the Orcish Mines
 17503 | Orc:2    | Reached skill level 15 in Stealth
 17600 | Orc:2    | Found a staircase to the Elven Halls.
 17642 | Orc:2    | Found a flickering gateway to a bazaar.
 17844 | Bazaar   | Entered a bazaar
 17844 | Bazaar   | Found Gyjorow's Antique Weapon Shoppe.
 17844 | Bazaar   | Found Ponuhien's Antique Armour Shoppe.
 17844 | Bazaar   | Found Vaedware's Magic Scroll Emporium.
 17846 | Bazaar   | Found Kiutreur's Antique Armour Emporium.
 17863 | Bazaar   | Bought a pair of glowing boots for 135 gold pieces
 17882 | Bazaar   | Bought a polished ring mail for 315 gold pieces
 17882 | Bazaar   | Identified the +0 ring mail of Atheism {Harm rC- Regen+
                  | rCorr} (You bought it in a shop in a bazaar)
 17885 | Bazaar   | Bought a scroll of identify for 18 gold pieces
 17885 | Bazaar   | Bought a scroll of identify for 18 gold pieces
 17885 | Bazaar   | Bought a scroll of identify for 18 gold pieces
 17885 | Bazaar   | Bought a scroll of fog for 36 gold pieces
 17891 | Bazaar   | Bought a translucent robe for 102 gold pieces
 17891 | Bazaar   | Identified the +1 robe of the Spider Nest {Str+2} (You
                  | bought it in a shop in a bazaar)
 18604 | Orc:2    | Noticed an orc warlord
 18624 | Orc:2    | Killed an orc warlord
 18801 | Orc:2    | Found Zanitwuf's Jewellery Emporium.
 18801 | Orc:2    | Found Omuq's Antique Armour Shop.
 18801 | Orc:2    | Found Beckiakk's Jewellery Boutique.
 18804 | Orc:2    | Found Riez's General Store.
 18809 | Orc:2    | Bought a dazzling ring mail for 198 gold pieces
 18809 | Orc:2    | Identified the +4 ring mail of the Shishi {^Drain rPois
                  | Dex+2 SInv} (You bought it in a shop on level 2 of the
                  | Orcish Mines)
 18816 | Orc:2    | Bought a scroll of blinking for 97 gold pieces
 18816 | Orc:2    | Bought a scroll of enchant armour for 97 gold pieces
 18816 | Orc:2    | Bought a scroll of enchant armour for 97 gold pieces
 18974 | Orc:2    | Bought the ring of Shadows {Umbra +Inv Stlth+} for 560 gold
                  | pieces
 18974 | Orc:2    | Found the ring of Shadows {Umbra +Inv Stlth+}
 19285 | D:11     | Found a transporter.
 19288 | D:11     | Noticed Savior361's ghost (journeyman FeSh)
 19310 | D:11     | Found a transporter.
 19577 | D:11     | Reached XP level 15. HP: 59/63 MP: 17/19
 20027 | D:11     | Killed Savior361's ghost
 20028 | D:11     | Reached skill level 1 in Fighting
 20036 | D:11     | HP: 3/65 [komodo dragon (13)]
 20036 | D:11     | Annihilated by a komodo dragon

Illustrated notes

Levels and vault maps discovered:
D:1:      dpeg_arrival_stonehenge_8_columns, layout_basic,
          shapermc_ecumenical_altar_gd, skrybe_limestone_x,
          minmay_misc_feat_hallway
D:2:      layout_loops_ring, basic_altar
D:3:      layout_basic, uniq_ijyb, uniq_jessica
D:4:      minmay_angry_zag, layout_basic, tso_oasis_becter,
          nicolae_vehumet_radiance, mainiacjoe_overflow_small_starburst,
          kennysheep_decorative_pillar, hangedman_decor_peaks_small,
          grunt_decor_resistance, kennysheep_generic_room_14
D:5:      layout_basic, serial_shops, shop, interstate_on_off,
          uniq_blork_the_orc, uniq_edmund
D:6:      layout_loops_ring, mainiacjoe_overflow_catwalk,
          minmay_temple_entry_large_hall, serial_bayou_lagoon_a,
          minmay_misc_feat_secret_circle
D:7:      layout_basic, lemuel_coloured_pillars_altar, enter_ossuary_2,
          uniq_menkaure
D:8:      layout_rooms, dpeg_oklobed_lair
D:9:      layout_cave_pods, mainiacjoe_overflow_six_doors_small,
          zin_scriptorium, hangedman_minor_gate_pass
D:10:     layout_loops_ring, kennysheep_mini_moat, david_orc_4, serial_shops,
          shop, minmay_checkerbox
D:11:     layout_loops_ring, gammafunk_ghost_berserking_beasts, minivault_26
Temple:   nicolae_temple_superstar
Lair:1:   layout_big_grid, beast_lair_carwin_7, infiniplex_staircase_pool
Lair:2:   layout_misc_corridors, minmay_shoals_entry_centaurs,
          nicolae_snake_entry_warm_welcome, st_stairs_4
Lair:3:   layout_small_grid, lemuel_fruit_tree
Lair:4:   layout_roguey
Lair:5:   evil_forest, layout_layer_cave, slime_entry_1,
          portal_ice_cave_entry_pillars_2, serial_bayou_crossing,
          serial_bayou_shore_b
Orc:1:    layout_caves, basic_altar
Orc:2:    st_orc_rangers, layout_diamond_mine, serial_shops, bzr_entry_water,
          basic_altar, minmay_orc_barracks

Skill      XL: |  1  2  3  4  5  6  7  8  9 10 11 12 13 14 15 |
---------------+----------------------------------------------+-----
Short Blades   | 1 2 3 4 5 6 7 8 9 11 | 11.5
Stealth        | 4 5 6 7 8 9 11 12 13 15 | 15.4
Dodging        | 2 3 4 5 7 9 10 | 10.9
Ice Magic      | 1 2 3 |  3.0
Evocations     | 1 2 3 4 5 6 7 8 |  8.5
Hexes          | 4 5 6 7 8 9 10 11 12 | 12.0
Armour         | 1 3 |  3.9
Throwing       | 2 3 |  3.1
Fighting       | 1 |  1.0
Spellcasting   | |  2.1
Necromancy     | |  0.4

Action                     |  1- 3 |  4- 6 |  7- 9 | 10-12 | 13-15 || total
---------------------------+-------+-------+-------+-------+-------++-------
  Melee: Dagger            |   100 |    79 |   124 |       |       ||   303
         Bite              |    27 |    15 |    50 |   145 |   377 ||   614
         Punch             |       |       |     2 |     7 |    19 ||    28
         Short sword       |       |       |    38 |   340 |   982 ||  1360
  Throw: Boomerang         |       |       |     1 |       |       ||     1
         Dart              |       |       |       |     2 |       ||     2
   Cast: Ensorcelled Hiber |     8 |    34 |    77 |   104 |   149 ||   372
         Confusing Touch   |       |     1 |     5 |    23 |    32 ||    61
         Tukima's Dance    |       |       |       |     3 |     1 ||     4
 Invoke: Call Merchant     |       |       |       |     1 |     1 ||     2
         Potion Petition   |       |       |       |       |     1 ||     1
  Evoke: Wand              |       |       |     1 |     1 |     1 ||     3
    Use: Potion            |       |     1 |       |     1 |     3 ||     5
         Scroll            |       |       |    12 |     6 |    14 ||    32
   Stab: Sleeping          |     9 |    26 |    48 |    58 |    92 ||   233
         Invisible         |       |     2 |       |     4 |       ||     6
         Confused          |       |     1 |     3 |    20 |    30 ||    54
         Distracted        |       |       |       |     6 |    10 ||    16
         Petrified         |       |       |       |       |     3 ||     3
         Petrifying        |       |       |       |       |     1 ||     1
 Armour: Robe              |    66 |    11 |       |       |       ||    77
         Leather armour    |       |    29 |    81 |   196 |   361 ||   667
  Dodge: Dodged            |    39 |    35 |    61 |   297 |   714 ||  1146
         Repelled          |       |       |       |     3 |     4 ||     7
  Block: Other             |       |       |    15 |    83 |   160 ||   258
         Reflection        |       |       |       |     2 |    13 ||    15

Table legend: (Time is in decaauts)
 A = Elapsed time spent in this place.
 B = Non-inter-level travel time spent in this place.
 C = Inter-level travel time spent in this place.
 D = Time resting spent in this place.
 E = Time spent auto-exploring this place.
 F = Levels seen in this place.
 G = Mean time per level.
                   A        B        C        D        E       F      G
               +--------+--------+--------+--------+--------+-----+--------+
         Total |  19448 |  17950 |   1498 |    248 |  13699 |  20 |  972.4 |
       Dungeon |  11018 |  10079 |    939 |    204 |   8157 |  11 | 1001.6 |
        Temple |      1 |      1 |      0 |      0 |      0 |   1 |    1.0 |
          Lair |   6653 |   6196 |    457 |     38 |   4484 |   5 | 1330.6 |
  Orcish Mines |   1723 |   1622 |    101 |      6 |   1048 |   2 |  861.5 |
        Bazaar |     51 |     51 |      0 |      0 |     10 |   1 |   51.0 |
               +--------+--------+--------+--------+--------+-----+--------+

Top non-repeatable levels by time:
  Lair:5: 2013 daAuts
     D:7: 1691 daAuts
     D:4: 1365 daAuts
  Lair:1: 1252 daAuts
  Lair:2: 1217 daAuts
  Lair:3: 1139 daAuts
     D:9: 1128 daAuts
   Orc:2: 1099 daAuts
    D:10: 1044 daAuts
  Lair:4: 1031 daAuts
     D:6: 1023 daAuts
     D:8: 957 daAuts
     D:5: 864 daAuts
     D:1: 860 daAuts
     D:3: 752 daAuts
